Punishers vs Rampage
(R1)
Created - March 28, 2022 at 19:52
Goals
|
| Punishers |
0 |
3 |
2 |
5 |
| Rampage |
0 |
2 |
1 |
3 |
|
Shots
|
| Punishers |
8 |
12 |
11 |
31 |
| Rampage |
9 |
10 |
11 |
30 |
|
1st period
No Goal
Penalties :
Brendan Lemieux (San) for Roughing (Minor) at 14:11
2nd period
1. Punishers , Ben Betker 2 (Austen Brassard 18) at 8:32
2. Punishers , Anton Blidh 10 (Ben Betker 12) at 11:58
3. Rampage , Jack Roslovic 16 (Brendan Lemieux 18, Travis Sanheim 28) at 12:37
4. Punishers , Corey Tropp 30 (Zack Hamill 47) at 14:10
5. Rampage , Ryan Lomberg 15 (T.J. Tynan 17, Jordan Kyrou 21) at 17:28
Penalties :
Ryan Lomberg (San) for Roughing (Minor) at 2:15, Chrstian Dvorak (Pro) for Goalie Interference (Minor) at 5:42, Zack Hamill (Pro) for Goalie Interference (Minor) at 17:31
3rd period
6. Rampage , Jean-Sebastien Dea 9 (Charlie McAvoy 9) at 2:59
7. Punishers , Carter Ashton 16 (Radek Faksa 26, Chrstian Dvorak 12) at 3:46
8. Punishers , Tyler Bertuzzi 24 (Radek Faksa 27, Ben Betker 13) at 11:24 (SH)
Penalties :
Ben Betker (Pro) for High sticking (Minor) at 6:18, Alex Schoenborn (Pro) for Tripping (Minor) at 10:36, Brendan Lemieux (San) for Holding (Minor) at 11:29, Mathieu Joseph (San) for Cross-checking (Minor) at 16:52
Goalie Stats
Louis Domingue (Pro), 27 saves from 30 shots - (0.900), W, 18-14-4, 60:00 minutes
Magnus Hellberg (San), 26 saves from 31 shots - (0.839), L, 1-3-2, 60:00 minutes
Players Stats for Punishers
Player Name G A P +/- PIM S H SB GA TA FO MP PP MP PK MP
------------------------------------------------------------------------------------
Alex Schoenborn 0 0 0 0 2 0 0 0 0 0 0/0 2:17 0:00 0:00
Alexander Nylander 0 0 0 0 0 0 0 0 0 0 0/0 0:00 0:00 0:00
Anton Blidh 1 0 1 0 0 2 4 0 0 0 0/0 14:52 0:00 1:21
Artem Zub 0 0 0 3 0 1 2 1 0 0 0/0 28:22 4:20 4:12
Austen Brassard 0 1 1 1 0 1 1 0 0 0 1/1 9:55 0:00 0:00
Austin Wagner 0 0 0 0 0 0 0 0 0 0 0/0 0:14 0:00 0:14
Beck Malenstyn 0 0 0 0 0 0 0 0 0 0 0/0 0:00 0:00 0:00
Ben Betker 1 2 3 3 2 1 3 1 1 0 0/0 27:36 4:20 2:59
Carter Ashton 1 0 1 -1 0 3 2 0 0 0 0/0 15:15 2:46 0:00
Chrstian Dvorak 0 1 1 -1 2 1 1 0 0 1 0/2 15:53 2:46 0:00
Connor Clifton 0 0 0 -1 0 1 1 0 0 0 0/0 11:10 0:00 1:01
Corey Tropp 1 0 1 0 0 5 3 0 3 1 1/2 23:43 4:04 3:53
Fredrik Claesson 0 0 0 0 0 2 1 0 1 0 0/0 22:28 2:30 2:38
Gabriel Gagne 0 0 0 0 0 0 0 0 0 0 1/1 1:38 0:00 1:21
John Quenneville 0 0 0 1 0 1 1 0 0 0 2/3 10:52 0:00 0:57
Michael Joly 0 0 0 1 0 0 1 1 0 0 0/0 6:13 0:00 0:00
Nicolas Roy 0 0 0 1 0 0 0 0 0 0 1/3 6:37 0:00 0:24
Nikita Gusev 0 0 0 1 0 3 0 0 1 0 0/1 9:55 0:00 0:00
Noah Juulsen 0 0 0 0 0 1 2 0 0 0 0/0 21:41 2:30 2:50
Radek Faksa 0 2 2 0 0 0 2 0 1 0 6/7 18:01 2:46 1:19
Tyler Bertuzzi 1 0 1 1 0 5 0 0 0 1 3/5 22:07 4:04 1:19
Zack Hamill 0 1 1 0 2 4 1 0 0 2 22/34 23:11 4:04 2:52
Players Stats for Rampage
Player Name G A P +/- PIM S H SB GA TA FO MP PP MP PK MP
------------------------------------------------------------------------------------
Anthony Richard 0 0 0 -1 0 1 0 0 0 0 4/7 8:46 0:10 0:52
Artturi Lehkonen 0 0 0 0 0 0 1 1 0 0 0/0 10:13 0:10 1:57
Brendan Lemieux 0 1 1 -1 4 2 3 1 0 0 0/1 21:30 3:48 2:16
Charlie McAvoy 0 1 1 0 0 1 0 3 1 0 0/0 17:34 0:00 0:00
Collin Miller 0 0 0 0 0 1 2 0 0 0 0/0 17:51 2:50 3:52
Denis Gurianov 0 0 0 -2 0 0 0 1 0 0 1/3 18:47 2:51 0:00
Ethan Bear 0 0 0 -1 0 0 1 0 0 0 0/0 20:15 4:00 2:58
Jack Roslovic 1 0 1 -1 0 6 3 0 3 2 10/31 23:04 3:49 3:48
Jean-Sebastien Dea 1 0 1 -1 0 2 1 0 0 0 3/6 12:35 2:51 0:00
Jordan Greenway 0 0 0 -1 0 3 3 0 0 0 0/1 11:59 0:00 2:20
Jordan Kyrou 0 1 1 1 0 2 1 0 0 1 0/0 16:14 3:49 0:00
Kevan Miller 0 0 0 -1 0 0 1 0 0 1 0/0 17:11 2:50 0:00
Mathieu Joseph 0 0 0 -1 2 1 2 0 0 1 0/0 10:16 0:10 0:38
Petr Straka 0 0 0 0 0 4 3 0 0 0 0/0 8:10 0:00 0:00
Roland McKeown 0 0 0 -1 0 0 2 0 0 1 0/0 21:11 0:00 3:52
Ryan Lomberg 1 0 1 0 2 3 5 0 1 1 1/1 15:58 2:51 0:16
T.J. Tynan 0 1 1 1 0 3 5 0 0 0 3/9 14:28 0:00 1:33
Travis Sanheim 0 1 1 -1 0 1 4 2 0 0 0/0 25:58 4:00 2:58
3 Stars
1 - Ben Betker (Pro)
2 - Anton Blidh (Pro)
3 - Corey Tropp (Pro)
Power Play
Punishers - 0 on 4 Attempt(s) - 0.00%
Rampage - 0 on 4 Attempt(s) - 0.00%
Penalty Kill
Punishers - 4 on 4 Attempt(s) - 100.00%
- Score 1 goal in Penalty Kill
Rampage - 4 on 4 Attempt(s) - 100.00%
- Score 0 goal in Penalty Kill
Team Stat
Punishers - Hits : 25 - Faceoff Wins : 37 - Blocked Shots : 3 - Penalty Minutes : 8
Rampage - Hits : 37 - Faceoff Wins : 22 - Blocked Shots : 8 - Penalty Minutes : 8
Official
Referees : Eric Furlatt and Jean Hebert
Linesman : Ryan Galloway and Julien Fournier
Game Notes
No Game Note
Finance
Level 1 -- Attendance: 2000 (100.00%) -- Ticket Income $70,000
Level 2 -- Attendance: 895 (89.50%) -- Ticket Income $13,425
Total Attendance: 2895 (96.50%)
Total Ticket Income: $83,425
Other Income: $4,171
Total Income: $87,596
Punishers
5 vs 5 Forward
Center Left Wing Right Wing Time % Phy DF OF
1 Zack Hamill Tyler Bertuzzi Corey Tropp 40 1 2 2
2 Radek Faksa Chrstian Dvorak Carter Ashton 30 1 2 2
3 John Quenneville Nikita Gusev Austen Brassard 20 1 2 2
4 Nicolas Roy Anton Blidh Michael Joly 10 1 2 2
5 vs 5 Defense
Defense Defense Time % Phy DF OF
1 Ben Betker Artem Zub 40 1 2 2
2 Noah Juulsen Fredrik Claesson 30 1 2 2
3 Connor Clifton Anton Blidh 20 1 2 2
4 Ben Betker Artem Zub 10 1 2 2
PowerPlay Forward
Center Left Wing Right Wing Time % Phy DF OF
1 Zack Hamill Tyler Bertuzzi Corey Tropp 60 1 2 2
2 Radek Faksa Chrstian Dvorak Carter Ashton 40 1 2 2
PowerPlay Defense
Defense Defense Time % Phy DF OF
1 Ben Betker Artem Zub 60 1 2 2
2 Noah Juulsen Fredrik Claesson 40 1 2 2
Penalty Kill 4 Players Forward
Center Wing Time % Phy DF OF
1 Zack Hamill Corey Tropp 60 1 2 2
2 Tyler Bertuzzi Radek Faksa 40 1 2 2
Penalty Kill 4 Players Defense
Defense Defense Time % Phy DF OF
1 Ben Betker Artem Zub 60 1 2 2
2 Noah Juulsen Fredrik Claesson 40 1 2 2
Penalty Kill - 3 Players Forward
Forward Time % Phy DF OF
1 Zack Hamill 60 1 2 2
2 Corey Tropp 40 1 2 2
Penalty Kill - 3 Players Defense
Defense Defense Time % Phy DF OF
1 Ben Betker Artem Zub 60 1 2 2
2 Noah Juulsen Fredrik Claesson 40 1 2 2
4 vs 4 Forward
Center Wing Time % Phy DF OF
1 Zack Hamill Corey Tropp 60 1 2 2
2 Tyler Bertuzzi Radek Faksa 40 1 2 2
4 vs 4 Defense
Defense Defense Time % Phy DF OF
1 Ben Betker Artem Zub 60 1 2 2
2 Noah Juulsen Fredrik Claesson 40 1 2 2
Last Minutes Offensive
Center Left Wing Right Wing Defense Defense
Zack Hamill Tyler Bertuzzi Corey Tropp Ben Betker Artem Zub
Last Minutes Defensive
Center Left Wing Right Wing Defense Defense
Zack Hamill Tyler Bertuzzi Corey Tropp Ben Betker Artem Zub
Goaltenders
Starting : Louis Domingue
Backup : Daniel Altshuller
Extra Forwards
Normal : Alex Schoenborn, Alexander Nylander, Gabriel Gagne - PP : Alex Schoenborn, Alexander Nylander - PK : Gabriel Gagne
Extra Defensemen
Normal : Connor Clifton, Noah Juulsen, Fredrik Claesson - PP : Connor Clifton - PK : Noah Juulsen, Fredrik Claesson
Penalty Shots
Zack Hamill, Corey Tropp, Tyler Bertuzzi, Radek Faksa, Carter Ashton
Scratches
Daniel Audette (Broken Left Index Finger Injury), Niko Mikkola (Sore Right Knee Injury), Connor Ingram (Healthy)
Rampage
5 vs 5 Forward
Center Left Wing Right Wing Time % Phy DF OF
1 Jack Roslovic Brendan Lemieux Denis Gurianov 40 1 2 2
2 T.J. Tynan Ryan Lomberg Jordan Kyrou 30 1 2 2
3 Jean-Sebastien Dea Jordan Greenway Mathieu Joseph 20 1 2 2
4 Anthony Richard Artturi Lehkonen Petr Straka 10 1 2 2
5 vs 5 Defense
Defense Defense Time % Phy DF OF
1 Charlie McAvoy Travis Sanheim 40 1 2 2
2 Roland McKeown Ethan Bear 30 1 2 2
3 Kevan Miller Collin Miller 20 1 2 2
4 Kevan Miller Roland McKeown 10 1 2 2
PowerPlay Forward
Center Left Wing Right Wing Time % Phy DF OF
1 Jack Roslovic Brendan Lemieux Jordan Kyrou 60 1 2 2
2 Jean-Sebastien Dea Ryan Lomberg Denis Gurianov 40 1 2 2
PowerPlay Defense
Defense Defense Time % Phy DF OF
1 Ethan Bear Travis Sanheim 60 1 2 2
2 Kevan Miller Collin Miller 40 1 2 2
Penalty Kill 4 Players Forward
Center Wing Time % Phy DF OF
1 Jack Roslovic Brendan Lemieux 60 1 2 2
2 T.J. Tynan Mathieu Joseph 40 1 2 2
Penalty Kill 4 Players Defense
Defense Defense Time % Phy DF OF
1 Roland McKeown Collin Miller 60 1 2 2
2 Travis Sanheim Ethan Bear 40 1 2 2
Penalty Kill - 3 Players Forward
Forward Time % Phy DF OF
1 T.J. Tynan 60 1 2 2
2 Jack Roslovic 40 1 2 2
Penalty Kill - 3 Players Defense
Defense Defense Time % Phy DF OF
1 Roland McKeown Travis Sanheim 60 1 2 2
2 Collin Miller Ethan Bear 40 1 2 2
4 vs 4 Forward
Center Wing Time % Phy DF OF
1 Jean-Sebastien Dea Petr Straka 60 1 2 2
2 T.J. Tynan Mathieu Joseph 40 1 2 2
4 vs 4 Defense
Defense Defense Time % Phy DF OF
1 Roland McKeown Travis Sanheim 60 1 2 2
2 Collin Miller Charlie McAvoy 40 1 2 2
Last Minutes Offensive
Center Left Wing Right Wing Defense Defense
Jack Roslovic Brendan Lemieux Petr Straka Ethan Bear Travis Sanheim
Last Minutes Defensive
Center Left Wing Right Wing Defense Defense
T.J. Tynan Brendan Lemieux Mathieu Joseph Roland McKeown Collin Miller
Goaltenders
Starting : Magnus Hellberg
Backup : Brandon Halverson
Extra Forwards
Normal : Denis Gurianov, Jean-Sebastien Dea, Jordan Greenway - PP : Denis Gurianov, Jean-Sebastien Dea - PK : Jordan Greenway
Extra Defensemen
Normal : Ethan Bear, Charlie McAvoy, Collin Miller - PP : Ethan Bear - PK : Charlie McAvoy, Collin Miller
Penalty Shots
Jack Roslovic, Jordan Kyrou, Petr Straka, T.J. Tynan, Jean-Sebastien Dea
Scratches
Adam Clendening (Healthy), Dylan Sikura (Healthy), Scott Wilson (Healthy), Dylan Gambrell (Healthy), Eamon McAdam (Healthy)
Emil Larmi (Healthy)
% Time on Ice - Punishers
Lines # - Real PCT - Wanted PCT - Time Play
Normal Forward
1 - 35% - 40% - 15:37
2 - 30% - 30% - 13:29
3 - 22% - 20% - 9:55
4 - 14% - 10% - 6:13
Normal Defense
1 - 38% - 40% - 17:12
2 - 35% - 30% - 16:02
3 - 22% - 20% - 10:09
4 - 4% - 10% - 1:51
PP Forward
1 - 60% - 60% - 4:04
2 - 40% - 40% - 2:46
PP Defense
1 - 63% - 60% - 4:20
2 - 37% - 40% - 2:30
PK Forward
1 - 81% - 60% - 5:31
2 - 19% - 40% - 1:19
PK Defense
1 - 70% - 60% - 4:46
2 - 30% - 40% - 2:04
PK3 Forward
1 - 0% - 60%
2 - 0% - 40%
PK3 Defense
1 - 0% - 60%
2 - 0% - 40%
44 Forward
1 - 59% - 60% - 0:39
2 - 41% - 40% - 0:27
44 Defense
1 - 71% - 60% - 0:47
2 - 29% - 40% - 0:19
Last Minute Offensive - 0:00
Last Minute Defensive - 0:00
Total
Forward - 60:00
Defense - 60:00
|
% Time on Ice - Rampage
Lines # - Real PCT - Wanted PCT - Time Play
Normal Forward
1 - 35% - 40% - 15:54
2 - 29% - 30% - 12:59
3 - 19% - 20% - 8:47
4 - 17% - 10% - 7:34
Normal Defense
1 - 39% - 40% - 17:47
2 - 30% - 30% - 13:30
3 - 21% - 20% - 9:43
4 - 9% - 10% - 4:14
PP Forward
1 - 58% - 60% - 3:59
2 - 42% - 40% - 2:51
PP Defense
1 - 59% - 60% - 4:00
2 - 41% - 40% - 2:50
PK Forward
1 - 77% - 60% - 5:17
2 - 23% - 40% - 1:33
PK Defense
1 - 57% - 60% - 3:52
2 - 43% - 40% - 2:58
PK3 Forward
1 - 0% - 60%
2 - 0% - 40%
PK3 Defense
1 - 0% - 60%
2 - 0% - 40%
44 Forward
1 - 100% - 60% - 1:06
2 - 0% - 40% - 0:00
44 Defense
1 - 55% - 60% - 0:36
2 - 45% - 40% - 0:30
Last Minute Offensive - 0:00
Last Minute Defensive - 0:00
Total
Forward - 60:00
Defense - 60:00
|
Play-by-Play
1st period
0:01 of 1st period - Zack Hamill wins face-off versus Jack Roslovic in neutral zone.
0:15 of 1st period - Wrist shot by Zack Hamill.
0:15 of 1st period - Shot Blocked by Travis Sanheim.
0:59 of 1st period - Slapshot by Jack Roslovic.
0:59 of 1st period - Stopped by Louis Domingue without a rebound.
1:00 of 1st period - Nicolas Roy wins face-off versus T.J. Tynan in Punishers zone.
1:25 of 1st period - Corey Tropp is hit by Mathieu Joseph and loses puck.
2:35 of 1st period - Mathieu Joseph is hit by Fredrik Claesson and loses puck.
2:55 of 1st period - Icing by Connor Clifton.
2:56 of 1st period - Austen Brassard wins face-off versus Anthony Richard in Punishers zone.
2:56 of 1st period - Austen Brassard is hit by Petr Straka.
3:08 of 1st period - Wrist shot by Corey Tropp.
3:08 of 1st period - Stopped by Magnus Hellberg with a rebound.
3:10 of 1st period - Slapshot by Ben Betker.
3:10 of 1st period - Deflect By Corey Tropp.
3:10 of 1st period - Shot Misses the Net.
3:10 of 1st period - Puck is out of play.
3:11 of 1st period - Jack Roslovic wins face-off versus Corey Tropp in Rampage zone.
3:36 of 1st period - T.J. Tynan is hit by Ben Betker and loses puck.
3:45 of 1st period - Michael Joly is hit by Travis Sanheim.
3:59 of 1st period - Wrist shot by Nikita Gusev.
3:59 of 1st period - Shot Misses the Net.
4:01 of 1st period - Slapshot by Noah Juulsen.
4:01 of 1st period - Shot Blocked by Travis Sanheim.
5:00 of 1st period - Nicolas Roy is hit by Ryan Lomberg and loses puck.
5:05 of 1st period - Snap shot by Jordan Kyrou.
5:05 of 1st period - Stopped by Louis Domingue without a rebound.
5:06 of 1st period - Zack Hamill wins face-off versus T.J. Tynan in Punishers zone.
5:11 of 1st period - Roland McKeown is hit by Zack Hamill and loses puck.
5:37 of 1st period - Ben Betker is hit by Travis Sanheim and loses puck.
6:21 of 1st period - Roland McKeown is hit by Michael Joly and loses puck.
6:34 of 1st period - Snap shot by Michael Joly.
6:34 of 1st period - Shot Blocked by Charlie McAvoy.
6:38 of 1st period - Wrist shot by Zack Hamill.
6:38 of 1st period - Stopped by Magnus Hellberg without a rebound.
6:39 of 1st period - Zack Hamill wins face-off versus Jack Roslovic in Rampage zone.
7:27 of 1st period - Ethan Bear is hit by Austen Brassard and loses puck.
7:34 of 1st period - Snap shot by John Quenneville.
7:34 of 1st period - Deflect By Austen Brassard.
7:34 of 1st period - Stopped by Magnus Hellberg without a rebound.
7:35 of 1st period - Tyler Bertuzzi wins face-off versus Jack Roslovic in Rampage zone.
7:52 of 1st period - Tyler Bertuzzi is hit by Kevan Miller and loses puck.
8:09 of 1st period - Wrist shot by Denis Gurianov.
8:09 of 1st period - Shot Blocked by Artem Zub.
9:04 of 1st period - Wrist shot by Petr Straka.
9:04 of 1st period - Shot Misses the Net.
9:08 of 1st period - Snap shot by Petr Straka.
9:08 of 1st period - Stopped by Louis Domingue without a rebound.
9:09 of 1st period - Zack Hamill wins face-off versus Jack Roslovic in Punishers zone.
9:14 of 1st period - Slapshot by Corey Tropp.
9:14 of 1st period - Stopped by Magnus Hellberg with a rebound.
9:43 of 1st period - Snap shot by T.J. Tynan.
9:43 of 1st period - Stopped by Louis Domingue without a rebound.
9:44 of 1st period - Radek Faksa wins face-off versus Jack Roslovic in Punishers zone.
10:52 of 1st period - Snap shot by Petr Straka.
10:52 of 1st period - Shot Blocked by Michael Joly.
11:32 of 1st period - Snap shot by Denis Gurianov.
11:32 of 1st period - Shot Misses the Net.
11:34 of 1st period - Snap shot by Jean-Sebastien Dea.
11:34 of 1st period - Deflect By Jordan Greenway.
11:34 of 1st period - Stopped by Louis Domingue with a rebound.
11:44 of 1st period - Wrist shot by Mathieu Joseph.
11:44 of 1st period - Shot Misses the Net.
12:04 of 1st period - Ben Betker is hit by Ryan Lomberg and loses puck.
12:19 of 1st period - Ben Betker is hit by Collin Miller and loses puck.
12:42 of 1st period - Tyler Bertuzzi is hit by Brendan Lemieux.
12:48 of 1st period - Brendan Lemieux is hit by Corey Tropp and loses puck.
13:48 of 1st period - Off-side.
13:49 of 1st period - Zack Hamill wins face-off versus Anthony Richard in neutral zone.
14:00 of 1st period - Slapshot by Travis Sanheim.
14:00 of 1st period - Deflect By Petr Straka.
14:00 of 1st period - Stopped by Louis Domingue without a rebound.
14:01 of 1st period - Zack Hamill wins face-off versus Jack Roslovic in Punishers zone.
14:11 of 1st period - Minor Penalty to Brendan Lemieux for Roughing.
14:12 of 1st period - Jack Roslovic wins face-off versus Zack Hamill in Rampage zone.
14:20 of 1st period - Zack Hamill is hit by Jordan Greenway and loses puck.
14:29 of 1st period - Jack Roslovic is hit by Corey Tropp.
14:45 of 1st period - Artturi Lehkonen is hit by Carter Ashton and loses puck.
15:24 of 1st period - Zack Hamill is hit by Jack Roslovic and loses puck.
16:01 of 1st period - Tyler Bertuzzi is hit by Ryan Lomberg and loses puck.
16:11 of 1st period - Penalty to Brendan Lemieux is over, Brendan Lemieux is back on ice.
16:18 of 1st period - Slapshot by Nikita Gusev.
16:18 of 1st period - Stopped by Magnus Hellberg with a rebound.
16:20 of 1st period - Slapshot by Anton Blidh.
16:20 of 1st period - Stopped by Magnus Hellberg with a rebound.
16:35 of 1st period - Off-side.
16:36 of 1st period - Ryan Lomberg wins face-off versus Nicolas Roy in neutral zone.
16:49 of 1st period - Snap shot by T.J. Tynan.
16:49 of 1st period - Shot Misses the Net.
16:51 of 1st period - Slapshot by Roland McKeown.
16:51 of 1st period - Deflect By Ryan Lomberg.
16:51 of 1st period - Stopped by Louis Domingue with a rebound.
17:01 of 1st period - Roland McKeown is hit by Noah Juulsen and loses puck.
17:08 of 1st period - Wrist shot by Carter Ashton.
17:08 of 1st period - Deflect By Roland McKeown.
17:08 of 1st period - Stopped by Magnus Hellberg with a rebound.
17:10 of 1st period - Wrist shot by Chrstian Dvorak.
17:10 of 1st period - Stopped by Magnus Hellberg without a rebound.
17:11 of 1st period - T.J. Tynan wins face-off versus Chrstian Dvorak in Rampage zone.
17:11 of 1st period - T.J. Tynan is hit by Chrstian Dvorak.
17:23 of 1st period - Artem Zub is hit by Ryan Lomberg and loses puck.
17:59 of 1st period - Zack Hamill is hit by Jack Roslovic and loses puck.
18:18 of 1st period - Travis Sanheim is hit by Anton Blidh and loses puck.
18:29 of 1st period - Snap shot by Tyler Bertuzzi.
18:29 of 1st period - Shot Blocked by Charlie McAvoy.
18:43 of 1st period - Wrist shot by Jack Roslovic.
18:43 of 1st period - Shot Misses the Net.
18:45 of 1st period - Wrist shot by Jack Roslovic.
18:45 of 1st period - Stopped by Louis Domingue with a rebound.
18:47 of 1st period - Slapshot by Charlie McAvoy.
18:47 of 1st period - Stopped by Louis Domingue without a rebound.
18:48 of 1st period - Radek Faksa wins face-off versus T.J. Tynan in Punishers zone.
19:14 of 1st period - Austen Brassard is hit by Jordan Greenway and loses puck.
19:57 of 1st period - Noah Juulsen is hit by Petr Straka and loses puck.
Goals for this period are 0 for Punishers vs 0 for Rampage.
Shots for this period are 8 for Punishers vs 9 for Rampage.
2nd period
0:01 of 2nd period - Jack Roslovic wins face-off versus Zack Hamill in neutral zone.
0:27 of 2nd period - Chrstian Dvorak is hit by Ryan Lomberg and loses puck.
0:36 of 2nd period - Snap shot by T.J. Tynan.
0:36 of 2nd period - Stopped by Louis Domingue with a rebound.
1:10 of 2nd period - Snap shot by Petr Straka.
1:10 of 2nd period - Stopped by Louis Domingue without a rebound.
1:11 of 2nd period - Anthony Richard wins face-off versus Zack Hamill in Punishers zone.
1:12 of 2nd period - Snap shot by Petr Straka.
1:12 of 2nd period - Stopped by Louis Domingue with a rebound.
1:49 of 2nd period - Wrist shot by Brendan Lemieux.
1:49 of 2nd period - Shot Misses the Net.
2:15 of 2nd period - Minor Penalty to Ryan Lomberg for Roughing.
2:16 of 2nd period - Zack Hamill wins face-off versus Jack Roslovic in Rampage zone.
2:27 of 2nd period - Slapshot by Zack Hamill.
2:27 of 2nd period - Shot Misses the Net.
2:29 of 2nd period - Snap shot by Artem Zub.
2:29 of 2nd period - Deflect By Corey Tropp.
2:29 of 2nd period - Shot Misses the Net.
2:29 of 2nd period - Puck is out of play.
2:30 of 2nd period - Zack Hamill wins face-off versus Jack Roslovic in Rampage zone.
2:40 of 2nd period - Snap shot by Corey Tropp.
2:40 of 2nd period - Deflect By Zack Hamill.
2:40 of 2nd period - Stopped by Magnus Hellberg with a rebound.
2:42 of 2nd period - Slapshot by Artem Zub.
2:42 of 2nd period - Stopped by Magnus Hellberg with a rebound.
2:44 of 2nd period - Wrist shot by Tyler Bertuzzi.
2:44 of 2nd period - Stopped by Magnus Hellberg with a rebound.
2:46 of 2nd period - Snap shot by Ben Betker.
2:46 of 2nd period - Shot Blocked by Brendan Lemieux.
2:56 of 2nd period - Jack Roslovic is hit by Artem Zub and loses puck.
4:15 of 2nd period - Penalty to Ryan Lomberg is over, Ryan Lomberg is back on ice.
4:46 of 2nd period - Snap shot by Ryan Lomberg.
4:46 of 2nd period - Stopped by Louis Domingue without a rebound.
4:47 of 2nd period - John Quenneville wins face-off versus Anthony Richard in Punishers zone.
5:00 of 2nd period - Wrist shot by Nikita Gusev.
5:00 of 2nd period - Stopped by Magnus Hellberg without a rebound.
5:01 of 2nd period - Jack Roslovic wins face-off versus Zack Hamill in Rampage zone.
5:42 of 2nd period - Minor Penalty to Chrstian Dvorak for Goalie Interference.
5:43 of 2nd period - Jack Roslovic wins face-off versus Zack Hamill in Punishers zone.
7:42 of 2nd period - Penalty to Chrstian Dvorak is over, Chrstian Dvorak is back on ice.
7:58 of 2nd period - Slapshot by Tyler Bertuzzi.
7:58 of 2nd period - Shot Misses the Net.
8:04 of 2nd period - Tyler Bertuzzi is hit by Roland McKeown and loses puck.
8:15 of 2nd period - Tyler Bertuzzi is hit by Mathieu Joseph and loses puck.
8:32 of 2nd period - Slapshot by Ben Betker.
8:32 of 2nd period - Goal by Ben Betker - Punishers : 1 - Rampage : 0.
8:33 of 2nd period - Jack Roslovic wins face-off versus John Quenneville in neutral zone.
8:46 of 2nd period - Wrist shot by Denis Gurianov.
8:46 of 2nd period - Shot Misses the Net.
8:48 of 2nd period - Slapshot by Travis Sanheim.
8:48 of 2nd period - Stopped by Louis Domingue with a rebound.
8:57 of 2nd period - Icing by Zack Hamill.
8:58 of 2nd period - Tyler Bertuzzi wins face-off versus Jordan Greenway in Punishers zone.
9:42 of 2nd period - Icing by T.J. Tynan.
9:43 of 2nd period - John Quenneville wins face-off versus T.J. Tynan in Rampage zone.
9:44 of 2nd period - Wrist shot by Nikita Gusev.
9:44 of 2nd period - Stopped by Magnus Hellberg with a rebound.
10:10 of 2nd period - Wrist shot by Brendan Lemieux.
10:10 of 2nd period - Stopped by Louis Domingue with a rebound.
10:18 of 2nd period - Snap shot by Zack Hamill.
10:18 of 2nd period - Shot Misses the Net.
10:49 of 2nd period - Anthony Richard is hit by Connor Clifton and loses puck.
11:08 of 2nd period - Zack Hamill is hit by T.J. Tynan and loses puck.
11:37 of 2nd period - Collin Miller is hit by Artem Zub and loses puck.
11:58 of 2nd period - Wrist shot by Anton Blidh.
11:58 of 2nd period - Goal by Anton Blidh - Punishers : 2 - Rampage : 0.
11:59 of 2nd period - T.J. Tynan wins face-off versus Zack Hamill in neutral zone.
12:26 of 2nd period - Noah Juulsen is hit by Travis Sanheim and loses puck.
12:35 of 2nd period - Slapshot by Jack Roslovic.
12:35 of 2nd period - Stopped by Louis Domingue with a rebound.
12:37 of 2nd period - Wrist shot by Brendan Lemieux.
12:37 of 2nd period - Deflect By Jack Roslovic.
12:37 of 2nd period - Goal by Jack Roslovic - Punishers : 2 - Rampage : 1.
12:38 of 2nd period - Zack Hamill wins face-off versus Jack Roslovic in neutral zone.
12:41 of 2nd period - Charlie McAvoy is hit by Corey Tropp and loses puck.
13:48 of 2nd period - Snap shot by Noah Juulsen.
13:48 of 2nd period - Deflect By Anthony Richard.
13:48 of 2nd period - Stopped by Magnus Hellberg without a rebound.
13:49 of 2nd period - Anthony Richard wins face-off versus Nicolas Roy in Rampage zone.
13:49 of 2nd period - Anthony Richard is hit by Anton Blidh.
13:58 of 2nd period - Off-side.
13:59 of 2nd period - Corey Tropp wins face-off versus Jack Roslovic in neutral zone.
14:06 of 2nd period - Snap shot by Corey Tropp.
14:06 of 2nd period - Shot Misses the Net.
14:08 of 2nd period - Snap shot by Zack Hamill.
14:08 of 2nd period - Stopped by Magnus Hellberg with a rebound.
14:10 of 2nd period - Slapshot by Corey Tropp.
14:10 of 2nd period - Goal by Corey Tropp - Punishers : 3 - Rampage : 1.
14:11 of 2nd period - Zack Hamill wins face-off versus Jack Roslovic in neutral zone.
14:40 of 2nd period - Wrist shot by Jordan Kyrou.
14:40 of 2nd period - Shot Misses the Net.
14:42 of 2nd period - Snap shot by Jordan Kyrou.
14:42 of 2nd period - Stopped by Louis Domingue without a rebound.
14:43 of 2nd period - Radek Faksa wins face-off versus Jean-Sebastien Dea in Punishers zone.
15:09 of 2nd period - Fredrik Claesson is hit by T.J. Tynan and loses puck.
15:40 of 2nd period - Wrist shot by Tyler Bertuzzi.
15:40 of 2nd period - Shot Blocked by Denis Gurianov.
15:42 of 2nd period - Slapshot by Connor Clifton.
15:42 of 2nd period - Stopped by Magnus Hellberg with a rebound.
15:58 of 2nd period - Snap shot by Nikita Gusev.
15:58 of 2nd period - Shot Blocked by Artturi Lehkonen.
16:00 of 2nd period - Slapshot by Fredrik Claesson.
16:00 of 2nd period - Stopped by Magnus Hellberg with a rebound.
16:02 of 2nd period - Slapshot by Fredrik Claesson.
16:02 of 2nd period - Shot Blocked by Charlie McAvoy.
16:50 of 2nd period - Off-side.
16:51 of 2nd period - Radek Faksa wins face-off versus Jack Roslovic in neutral zone.
17:28 of 2nd period - Wrist shot by Ryan Lomberg.
17:28 of 2nd period - Goal by Ryan Lomberg - Punishers : 3 - Rampage : 2.
17:29 of 2nd period - Zack Hamill wins face-off versus Denis Gurianov in neutral zone.
17:31 of 2nd period - Minor Penalty to Zack Hamill for Goalie Interference.
17:32 of 2nd period - Gabriel Gagne wins face-off versus Jack Roslovic in Punishers zone.
17:58 of 2nd period - Jean-Sebastien Dea is hit by Ben Betker and loses puck.
18:39 of 2nd period - John Quenneville is hit by Collin Miller and loses puck.
19:31 of 2nd period - Penalty to Zack Hamill is over, Zack Hamill is back on ice.
19:40 of 2nd period - Collin Miller is hit by Ben Betker and loses puck.
19:47 of 2nd period - Wrist shot by Anton Blidh.
19:47 of 2nd period - Deflect By Zack Hamill.
19:47 of 2nd period - Shot Misses the Net.
19:47 of 2nd period - Puck is out of play.
19:48 of 2nd period - Jean-Sebastien Dea wins face-off versus Chrstian Dvorak in Rampage zone.
19:48 of 2nd period - Jean-Sebastien Dea is hit by Carter Ashton.
Goals for this period are 3 for Punishers vs 2 for Rampage.
Shots for this period are 12 for Punishers vs 10 for Rampage.
3rd period
0:01 of 3rd period - Zack Hamill wins face-off versus Jack Roslovic in neutral zone.
0:14 of 3rd period - Snap shot by Tyler Bertuzzi.
0:14 of 3rd period - Stopped by Magnus Hellberg without a rebound.
0:15 of 3rd period - T.J. Tynan wins face-off versus Radek Faksa in Rampage zone.
0:40 of 3rd period - Corey Tropp is hit by Roland McKeown and loses puck.
1:33 of 3rd period - Noah Juulsen is hit by Travis Sanheim and loses puck.
1:43 of 3rd period - Off-side.
1:44 of 3rd period - Tyler Bertuzzi wins face-off versus T.J. Tynan in neutral zone.
1:47 of 3rd period - Snap shot by Corey Tropp.
1:47 of 3rd period - Stopped by Magnus Hellberg with a rebound.
1:49 of 3rd period - Snap shot by Ben Betker.
1:49 of 3rd period - Shot Misses the Net.
2:18 of 3rd period - Snap shot by Nikita Gusev.
2:18 of 3rd period - Shot Misses the Net.
2:28 of 3rd period - Wrist shot by T.J. Tynan.
2:28 of 3rd period - Stopped by Louis Domingue without a rebound.
2:29 of 3rd period - Zack Hamill wins face-off versus Jack Roslovic in Punishers zone.
2:54 of 3rd period - Anton Blidh is hit by Jean-Sebastien Dea and loses puck.
2:59 of 3rd period - Slapshot by Jean-Sebastien Dea.
2:59 of 3rd period - Goal by Jean-Sebastien Dea - Punishers : 3 - Rampage : 3.
3:00 of 3rd period - Zack Hamill wins face-off versus Jack Roslovic in neutral zone.
3:09 of 3rd period - Wrist shot by Jack Roslovic.
3:09 of 3rd period - Stopped by Louis Domingue without a rebound.
3:10 of 3rd period - Jack Roslovic wins face-off versus Zack Hamill in Punishers zone.
3:21 of 3rd period - Snap shot by Tyler Bertuzzi.
3:21 of 3rd period - Stopped by Magnus Hellberg with a rebound.
3:36 of 3rd period - Slapshot by Brendan Lemieux.
3:36 of 3rd period - Deflect By Jack Roslovic.
3:36 of 3rd period - Shot Misses the Net.
3:36 of 3rd period - Puck is out of play.
3:37 of 3rd period - Radek Faksa wins face-off versus Jean-Sebastien Dea in Punishers zone.
3:44 of 3rd period - Snap shot by Radek Faksa.
3:44 of 3rd period - Shot Misses the Net.
3:46 of 3rd period - Slapshot by Carter Ashton.
3:46 of 3rd period - Goal by Carter Ashton - Punishers : 4 - Rampage : 3.
3:47 of 3rd period - Zack Hamill wins face-off versus Jack Roslovic in neutral zone.
4:43 of 3rd period - Snap shot by John Quenneville.
4:43 of 3rd period - Shot Misses the Net.
5:13 of 3rd period - Wrist shot by Corey Tropp.
5:13 of 3rd period - Stopped by Magnus Hellberg without a rebound.
5:14 of 3rd period - Zack Hamill wins face-off versus Jack Roslovic in Rampage zone.
5:41 of 3rd period - Chrstian Dvorak is hit by T.J. Tynan and loses puck.
6:03 of 3rd period - Off-side.
6:04 of 3rd period - Anthony Richard wins face-off versus Nikita Gusev in neutral zone.
6:07 of 3rd period - Slapshot by Collin Miller.
6:07 of 3rd period - Deflect By John Quenneville.
6:07 of 3rd period - Stopped by Louis Domingue with a rebound.
6:13 of 3rd period - Slapshot by Anthony Richard.
6:13 of 3rd period - Stopped by Louis Domingue without a rebound.
6:14 of 3rd period - Jack Roslovic wins face-off versus Zack Hamill in Punishers zone.
6:18 of 3rd period - Minor Penalty to Ben Betker for High sticking.
6:19 of 3rd period - Zack Hamill wins face-off versus Jack Roslovic in Punishers zone.
6:27 of 3rd period - Snap shot by Zack Hamill.
6:27 of 3rd period - Stopped by Magnus Hellberg with a rebound.
6:35 of 3rd period - Slapshot by Artem Zub.
6:35 of 3rd period - Shot Misses the Net.
7:11 of 3rd period - Fredrik Claesson is hit by Jack Roslovic and loses puck.
7:28 of 3rd period - Fredrik Claesson is hit by Brendan Lemieux and loses puck.
8:05 of 3rd period - Icing by Ethan Bear.
8:06 of 3rd period - Jean-Sebastien Dea wins face-off versus Tyler Bertuzzi in Rampage zone.
8:18 of 3rd period - Penalty to Ben Betker is over, Ben Betker is back on ice.
8:27 of 3rd period - Ben Betker is hit by Artturi Lehkonen and loses puck.
9:18 of 3rd period - Jack Roslovic is hit by Radek Faksa and loses puck.
9:31 of 3rd period - Ben Betker is hit by Petr Straka and loses puck.
10:02 of 3rd period - Ethan Bear is hit by John Quenneville and loses puck.
10:18 of 3rd period - T.J. Tynan is hit by Radek Faksa and loses puck.
10:36 of 3rd period - Minor Penalty to Alex Schoenborn for Tripping.
10:37 of 3rd period - Zack Hamill wins face-off versus Jack Roslovic in Punishers zone.
10:37 of 3rd period - Zack Hamill is hit by Jordan Kyrou.
10:51 of 3rd period - Backhand shot by Brendan Lemieux.
10:51 of 3rd period - Stopped by Louis Domingue without a rebound.
10:52 of 3rd period - Jack Roslovic wins face-off versus Zack Hamill in Punishers zone.
11:24 of 3rd period - Snap shot by Radek Faksa.
11:24 of 3rd period - Deflect By Tyler Bertuzzi.
11:24 of 3rd period - Goal by Tyler Bertuzzi - Punishers : 5 - Rampage : 3.
11:25 of 3rd period - Zack Hamill wins face-off versus Jack Roslovic in neutral zone.
11:29 of 3rd period - Minor Penalty to Brendan Lemieux for Holding.
11:30 of 3rd period - Zack Hamill wins face-off versus Jean-Sebastien Dea in Rampage zone.
12:15 of 3rd period - Slapshot by Fredrik Claesson.
12:15 of 3rd period - Stopped by Magnus Hellberg without a rebound.
12:16 of 3rd period - Denis Gurianov wins face-off versus Tyler Bertuzzi in Rampage zone.
12:35 of 3rd period - Snap shot by Jordan Greenway.
12:35 of 3rd period - Stopped by Louis Domingue without a rebound.
12:36 of 3rd period - Penalty to Alex Schoenborn is over, Alex Schoenborn is back on ice.
12:36 of 3rd period - Jack Roslovic wins face-off versus Zack Hamill in Punishers zone.
13:18 of 3rd period - Zack Hamill is hit by Ethan Bear and loses puck.
13:29 of 3rd period - Penalty to Brendan Lemieux is over, Brendan Lemieux is back on ice.
13:49 of 3rd period - Snap shot by Jordan Greenway.
13:49 of 3rd period - Stopped by Louis Domingue with a rebound.
14:32 of 3rd period - Wrist shot by Mathieu Joseph.
14:32 of 3rd period - Deflect By Jean-Sebastien Dea.
14:32 of 3rd period - Stopped by Louis Domingue with a rebound.
14:46 of 3rd period - Noah Juulsen is hit by T.J. Tynan and loses puck.
15:09 of 3rd period - Slapshot by Carter Ashton.
15:09 of 3rd period - Stopped by Magnus Hellberg with a rebound.
15:33 of 3rd period - Slapshot by John Quenneville.
15:33 of 3rd period - Stopped by Magnus Hellberg with a rebound.
16:16 of 3rd period - Snap shot by Mathieu Joseph.
16:16 of 3rd period - Stopped by Louis Domingue without a rebound.
16:17 of 3rd period - Radek Faksa wins face-off versus Denis Gurianov in Punishers zone.
16:17 of 3rd period - Radek Faksa is hit by Brendan Lemieux.
16:25 of 3rd period - Wrist shot by Jack Roslovic.
16:25 of 3rd period - Deflect By Chrstian Dvorak.
16:25 of 3rd period - Stopped by Louis Domingue with a rebound.
16:48 of 3rd period - Slapshot by Tyler Bertuzzi.
16:48 of 3rd period - Deflect By Jack Roslovic.
16:48 of 3rd period - Stopped by Magnus Hellberg without a rebound.
16:49 of 3rd period - Jean-Sebastien Dea wins face-off versus Zack Hamill in Rampage zone.
16:49 of 3rd period - Jean-Sebastien Dea is hit by Anton Blidh.
16:52 of 3rd period - Minor Penalty to Mathieu Joseph for Cross-checking.
16:53 of 3rd period - Zack Hamill wins face-off versus Brendan Lemieux in Rampage zone.
17:27 of 3rd period - Artem Zub is hit by Jordan Greenway and loses puck.
17:34 of 3rd period - Slapshot by T.J. Tynan.
17:34 of 3rd period - Shot Blocked by Ben Betker.
18:11 of 3rd period - Icing by Corey Tropp.
18:12 of 3rd period - Zack Hamill wins face-off versus T.J. Tynan in Punishers zone.
18:12 of 3rd period - Zack Hamill is hit by T.J. Tynan.
18:47 of 3rd period - Travis Sanheim is hit by Noah Juulsen and loses puck.
18:52 of 3rd period - Penalty to Mathieu Joseph is over, Mathieu Joseph is back on ice.
19:41 of 3rd period - Icing by Anthony Richard.
19:42 of 3rd period - Anthony Richard wins face-off versus Zack Hamill in Rampage zone.
19:54 of 3rd period - Kevan Miller is hit by Anton Blidh and loses puck.
Goals for this period are 2 for Punishers vs 1 for Rampage.
Shots for this period are 11 for Punishers vs 11 for Rampage.